 Dungeon Crawl Stone Soup version 0.26.1-2-gb8aa6d0cf2 (webtiles) character file.

Game seed: 7463717816664501635

151 raph the Magician (level 5, -8/43 HPs)
             Began as a Troll Hedge Wizard on Feb 19, 2021.
             Was a Follower of Hepliaklqana.
             Killed by nerve-wracking pain
             ... invoked by an orc priest
              (12 damage)
             ... on level 3 of the Dungeon.
             The game lasted 00:04:04 (1614 turns).

raph the Magician (Troll Hedge Wizard)              Turns: 1614, Time: 00:04:04

Health: -8/43      AC:  7    Str: 18    XL:     5   Next: 11%
Magic:  7/7        EV: 10    Int: 10    God:    Hepliaklqana [*.....]
Gold:   165        SH:  0    Dex: 10    Spells: 3/8 levels left

rFire    . . .     SeeInvis .     - Unarmed
rCold    . . .     Faith    .   (no shield)
rNeg     . . .     Spirit   .   b - +0 robe
rPois    .         Reflect  .   c - +0 hat
rElec    .         Harm     .   r - +0 cloak
rCorr    .         Rampage  .   (gloves unavailable)
Will     .....                  (boots unavailable)
Stlth    +.........             (no amulet)
HPRegen  0.54/turn              (no ring)
MPRegen  0.10/turn              (no ring)

@: no status effects
A: large, unfitting armour, reduced essence, claws 3, regeneration 1, shaggy fur
1, tough skin 3
a: Renounce Religion, Recall Ancestor, Ancestor Identity


You were on level 3 of the Dungeon.
You worshipped Hepliaklqana.
Hepliaklqana was aware of your devotion.
You visited 1 branch of the dungeon, and saw 3 of its levels.

You collected 165 gold pieces.

Inventory:

Hand Weapons
 a - a +1 dagger
Missiles
 h - 13 poisoned darts
Armour
 b - a +0 robe (worn)
 c - a +0 hat (worn)
 r - a +0 cloak (worn)
Jewellery
 n - an uncursed ring of fire {unknown}
Scrolls
 g - a scroll of immolation
 q - 2 scrolls of identify {unknown}
 t - a scroll of teleportation {unknown}
Potions
 f - 2 potions of lignification {unknown}
 j - 2 potions of flight {unknown}
 k - a potion of mutation {unknown}
 l - a potion of attraction {unknown}
 m - 4 potions of curing {unknown}
 p - a potion of invisibility {unknown}
 s - a potion of might {unknown}


   Skills:
 * Level 1.5 Fighting
 + Level 2.0 Dodging
 - Level 1.0 Stealth
 * Level 1.8 Unarmed Combat
 + Level 2.2 Spellcasting
 + Level 1.2 Conjurations
 + Level 1.4 Summonings
 + Level 1.4 Translocations


You had 3 spell levels left.
You knew the following spells:

 Your Spells              Type           Power        Failure   Level
a - Magic Dart            Conj           12%          19%         1
b - Blink                 Tloc           N/A          26%         2
c - Call Imp              Summ           3%           26%         2

Your spell library contained the following spells:

 Spells                   Type           Power        Failure   Level
 Slow                     Hex            1%           43%         2
 Conjure Flame            Conj/Fire      2%           56%         3
 Mephitic Cloud           Conj/Pois/Air  1%           61%         3


Dungeon Overview and Level Annotations

Branches:
Dungeon (3/15)

Altars:
Hepliaklqana
Qazlal
Sif Muna


Innate Abilities, Weirdness & Mutations

You are too large for most types of armour.
You have claws for hands.
Your natural rate of healing is unusually fast.
You are covered in fur. (AC +1)
You have extremely tough skin. (AC +3)
Your life essence is reduced to manifest your ancestor. (-10% HP)


Message History

* * * LOW HITPOINT WARNING * * *
You closely miss the orc priest.
The orc priest is lightly wounded.
The orc priest hits you but does no damage.
You claw the orc priest!
The orc priest is heavily wounded.
The orc priest mumbles some strange prayers to Beogh against you.
Beogh smites you!
* * * LOW HITPOINT WARNING * * *
You barely miss the orc priest.
The orc priest is heavily wounded.
The orc priest closely misses you.
You barely miss the orc priest.
The orc priest is heavily wounded.
The orc priest barely misses you.
You closely miss the orc priest.
The orc priest is heavily wounded.
The orc priest calls down the wrath of Beogh upon you.
Pain shoots through your body!
You die...

............((.....###..
##...#.......††..÷.##...
###.#.......().........
#......^.............
###..................
#.........†........
##................# .
#................# ...##
#@##.............#
......##o##.####.##....<#
.#.......####......###
....!..).............##
...####:...######..... #
........# .<# ####..###
#.## ...


You could see an orc priest.

Vanquished Creatures
  A hound (D:3)
  A gnoll (D:1)
  An adder (D:3)
  2 oozes (D:1)
  A worm (D:2)
  2 dart slugs
  A leopard gecko (D:2)
  5 orcs (D:3)
  7 bats
  3 giant cockroaches
  7 goblins
  5 hobgoblins
  6 jackals
  A ball python (D:2)
  A frilled lizard (D:3)
  4 kobolds
  6 rats
54 creatures vanquished.

Vanquished Creatures (collateral kills)
  An adder (D:3)
  An ooze (D:2)
  An orc (D:3)
  2 bats (D:3)
  A frilled lizard (D:2)
  2 goblins (D:3)
  2 kobolds
  A rat (D:3)
11 creatures vanquished.

Vanquished Creatures (others)
  An ancestor (D:3)
1 creature vanquished.

Grand Total: 66 creatures vanquished

Notes
Turn   | Place    | Note
-------+----------+-------------------------------------------
     0 | D:1      | raph the Troll Hedge Wizard began the quest for the Orb.
     0 | D:1      | Reached XP level 1. HP: 16/16 MP: 2/2
   166 | D:1      | Reached XP level 2. HP: 26/26 MP: 4/4
   169 | D:1      | Learned a level 2 spell: Blink
   172 | D:1      | Learned a level 2 spell: Call Imp
   318 | D:1      | Reached skill level 1 in Unarmed Combat
   482 | D:1      | Reached skill level 1 in Summonings
   482 | D:1      | Reached skill level 1 in Translocations
   482 | D:1      | Reached XP level 3. HP: 30/32 MP: 5/5
   783 | D:2      | Reached skill level 1 in Fighting
   824 | D:2      | Reached skill level 1 in Conjurations
   843 | D:2      | Found a hazy altar of Hepliaklqana.
   851 | D:2      | Became a worshipper of Hepliaklqana the Forgotten
   985 | D:2      | Reached XP level 4. HP: 36/36 MP: 6/6
  1055 | D:2      | Found a shimmering blue altar of Sif Muna.
  1336 | D:3      | Found a stormy altar of Qazlal.
  1336 | D:3      | Reached * piety under Hepliaklqana
  1513 | D:3      | Reached XP level 5. HP: 38/43 MP: 7/7
  1611 | D:3      | HP: 2/43 [orc priest/divine providence (11)]
  1614 | D:3      | Killed from afar by an orc priest

Illustrated notes

Levels and vault maps discovered:
D:1:      psy_arrival_fountain, layout_basic, minmay_crystal_room
D:2:      layout_basic, lemuel_coloured_pillars_altar, overflow_temple_1_default
D:3:      layout_rooms, lemuel_round_altar, grunt_qazlal_clouds

Skill      XL: |  1  2  3  4 |
---------------+-------------+-----
Unarmed Combat | 1 |  1.8
Summonings     | 1 |  1.4
Translocations | 1 |  1.4
Fighting       | 1 |  1.5
Conjurations   | 1 |  1.2
Dodging        | 2 |  2.0
Stealth        | |  1.0
Spellcasting   | |  2.2

Action                   |  1- 3 |  4- 6 || total
-------------------------+-------+-------++-------
Melee: Unarmed           |   111 |    94 ||   205
       Dagger            |     1 |       ||     1
Invok: Ancestor Identity |     1 |       ||     1
  Use: Scroll            |       |     5 ||     5
 Stab: Sleeping          |     3 |       ||     3
       Distracted        |       |     1 ||     1
Armor: Robe              |    75 |    35 ||   110
Dodge: Dodged            |    66 |    50 ||   116
